 Dungeon Crawl Stone Soup version 0.29-a0-397-g846e4a0bbc (webtiles) character file.

Game seed: 12045144607421997177

4496 Bruhh the Martial Artist (level 10, 0/76 HPs)
             Began as a Gnoll Transmuter on May 12, 2022.
             Was an Initiate of Ashenzari.
             Succumbed to their own poison gas
             ... in a bailey.
             The game lasted 00:12:39 (9032 turns).

Bruhh the Martial Artist (Gnoll Transmuter)         Turns: 9032, Time: 00:12:40

Health: 0/76       AC:  2    Str: 11    XL:     10   Next: 38%
Magic:  21/21      EV: 24    Int: 16    God:    Ashenzari [......]
Gold:   310        SH:  0    Dex: 17    Spells: 13/23 levels left

rFire   . . .      SeeInvis .     - Unarmed
rCold   . . .      Faith    .   (shield currently unavailable)
rNeg    . . .      Spirit   .   (body armour currently unavailable)
rPois   x          Reflect  .   (helmet currently unavailable)
rElec   .          Harm     .   (cloak currently unavailable)
rCorr   .          Rampage  .   (gloves currently unavailable)
Will    .....                   (boots currently unavailable)
Stlth   +++.......              (no amulet)
HPRegen 0.22/turn               (no ring)
MPRegen 0.17/turn               (no ring)

@: lethally poisoned (0 -> -67), spider-form
A: venomous fangs, tiny, (fangs 1), strong nose, distributed training
a: End Transformation, Renounce Religion


You were in a bailey.
You worshipped Ashenzari.
Ashenzari was noncommittal.
You were a venomous arachnid creature.
You visited 2 branches of the dungeon, and saw 9 of its levels.
You also visited: Sewer and Bailey.

You collected 310 gold pieces.

Inventory:

Hand Weapons
 x - the +4 spear "Laujack" {drain, rElec rF+ Dex+4}
   (You found it on level 6 of the Dungeon)

   A truly terrible weapon, it drains the life of any living foe it strikes.
   Dex:       It affects your dexterity (+4).
   rF:        It protects you from fire.
   rElec:     It insulates you from electricity.
Missiles
 l - 5 curare-tipped darts
Armour
 a - a +0 robe
 p - a +0 troll leather armour (melded) {Pargi}
 s - a +0 cloak (melded)
 y - a +2 robe of resistance
Jewellery
 t - a ring of protection from fire
 w - a ring of positive energy
 B - a +6 ring of dexterity
Wands
 C - a wand of acid (10)
Scrolls
 c - a scroll of identify
 f - 3 scrolls of magic mapping
 h - a scroll of brand weapon
 j - 3 scrolls of noise
 k - 2 scrolls of teleportation
 r - a scroll of poison
 u - a scroll of blinking
 z - a scroll of fear {unknown}
 A - a scroll of fog {unknown}
Potions
 b - 2 potions of lignification
 d - 2 potions of mutation {unknown}
 e - a potion of heal wounds
 g - 2 potions of attraction {unknown}
 i - a potion of ambrosia {unknown}
 m - 2 potions of berserk rage {unknown}
 n - 9 potions of curing
 o - a potion of haste {unknown}
 v - a potion of flight {unknown}


   Skills:
 + Level 5.9 Fighting
 + Level 5.2 Short Blades
 + Level 5.2 Long Blades
 + Level 5.2 Axes
 + Level 5.2 Maces & Flails
 + Level 5.2 Polearms
 + Level 5.2 Staves
 + Level 5.2 Slings
 + Level 5.2 Bows
 + Level 5.2 Crossbows
 + Level 5.2 Throwing
 + Level 5.2 Armour
 + Level 7.0 Dodging
 + Level 5.2 Stealth
 + Level 5.2 Shields
 + Level 8.5 Unarmed Combat
 + Level 7.3 Spellcasting
 + Level 4.3 Conjurations
 + Level 4.3 Hexes
 + Level 4.3 Summonings
 + Level 4.3 Necromancy
 + Level 4.3 Translocations
 + Level 5.8 Transmutations
 + Level 4.3 Fire Magic
 + Level 4.3 Ice Magic
 + Level 4.3 Air Magic
 + Level 4.3 Earth Magic
 + Level 4.3 Poison Magic
 + Level 5.7 Invocations
 + Level 5.2 Evocations


You had 13 spell levels left.
You knew the following spells:

 Your Spells              Type           Power      Damage    Failure   Level
a - Beastly Appendage     Tmut           48%        N/A       5%          1
b - Wereblood             Tmut           24%        N/A       7%          2
c - Spider Form           Tmut/Pois      22%        N/A       13%         3
d - Ice Form              Ice/Tmut       22%        N/A       32%         4

Your spell library contained the following spells:

 Spells                   Type           Power      Damage    Failure   Level
 Shock                    Conj/Air       76%        1d7       8%          1
 Ignite Poison            Fire/Tmut/Pois 21%        N/A       14%         3
 Conjure Flame            Conj/Fire      19%        6-21      17%         3
 Swiftness                Air            19%        N/A       17%         3
 Airstrike                Air            9%         N/A       41%         4
 Sticky Flame             Conj/Fire      19%        2d4       41%         4


Dungeon Overview and Level Annotations

Branches:
Dungeon (8/15)             Temple (1/1) D:7           Sewer (visited)
 Bailey (1/1)
   Lair: D:8-11

Altars:
Ashenzari
Cheibriados
Elyvilon
Fedhas
Hepliaklqana
Kikubaaqudgha
Makhleb
Nemelex Xobeh
Okawaru
Qazlal
Ru
Sif Muna
Trog
Uskayaw
Vehumet
Wu Jian
Xom
Zin
The Shining One

Shops:
D:5 ((!*

Annotations:
D:4 1 runed translucent door, ijan1's ghost, amateur OpWz
D:5 1 runed translucent door, skelma's ghost, novice DsGl


Innate Abilities, Weirdness & Mutations

You are a venomous arachnid creature.
You have poisonous fangs.
You are tiny and dextrous.
Your spellcasting is less reliable in this form.
Your armour is entirely melded.
You are incapable of wielding weapons or throwing items.
((You have very sharp teeth.))
Your uncanny sense of smell can sniff out nearby items.
Your experience applies equally to all skills.


Message History

The orc knight hits you from afar with a +0 trident!!
Your orc closely misses the orc knight.
Your orc says, "Bruhh, you are my only friend."
Your orc barely misses the orc knight.
There is an open gate here.
The orc knight misses you. The orc knight closely misses you.
The orc warrior hits you from afar with a +0 glaive!!
Your orc misses the orc knight.
Your orc hits the orc knight but does no damage.
You see here the +11 plutonium sword {Contam Stlth-}.
The orc knight barely misses you.
Your orc hits the orc knight but does no damage.
Your orc barely misses the orc knight.
There is an open gate here.
The orc knight roars a battlecry!
The orc warrior goes into a battle-frenzy!
The orc knight hits your orc with a +0 trident!!!
Your orc dies!
Your orc's corpse dissolves into shadows!
Your orc barely misses the orc knight.
Your orc hits the orc knight with a +0 whip.
Your orc dissolves into shadows!
The orc knight completely misses you. The orc knight completely misses you.
The air fills with toxic fumes!
As you read the scroll of poison, it crumbles to dust.
The orc knight no longer looks unusually strong.
The orc knight misses you.
Really crawl into that cloud of poison gas?
You are engulfed in poison gas.
You are lethally poisoned!
* * * LOW HITPOINT WARNING * * *
You feel extremely sick.
The orc knight is engulfed in poison gas.
The orc knight is poisoned.
You can't wear or remove anything in your present form.
You are engulfed in poison gas.
You are more poisoned.
* * * LOW HITPOINT WARNING * * *
You die...

###≈≈........
#.##≈).......
..)))........
#.∩#≈........
#.##≈......##
≈.≈≈≈...#########
.......##.....§§##
......##..#'#'#§§##
......#..##.#)##s§#
.....##.#########§#
.....##.')#?.)#§§.#
.....##.###.8.###o#
.....##.')#...#.oo#
.....##.####'####.#
.....##..##∩oo##.§#
.........##'''#.§##
.).......##...o.##


You could see 2 orc knights.

Vanquished Creatures
  A cyclops (D:8)
  Prince Ribbit (D:6)
  Sigmund (D:6)
  A yak (D:6)
  Eustachio (D:6)
  A water moccasin (D:8)
  3 ice beasts (D:6)
  9 orc warriors
  A sky beast (D:6)
  Pargi (Sewer)
  4 black bears
  2 ogres
  2 centaurs (D:6)
  2 kobold brigands
  2 bullfrogs
  2 scorpions
  2 necrophages
  3 howler monkeys
  4 hounds
  2 jellies
  2 orc priests
  7 iguanas
  6 orc wizards
  3 gnolls (D:3)
  10 adders
  2 shadow imps
  2 ufetubi
  2 worms
  2 dart slugs
  13 orcs
  7 bats
  8 endoplasms
  3 giant cockroaches
  9 goblins
  4 hobgoblins
  7 jackals
  12 kobolds
  7 quokkas
  6 ball pythons
  10 frilled lizards
  9 rats
176 creatures vanquished.

Vanquished Creatures (others)
  A plant (D:7)
1 creature vanquished.

Grand Total: 177 creatures vanquished

Notes
Turn   | Place    | Note
-------+----------+-------------------------------------------
     0 | D:1      | Bruhh the Gnoll Transmuter began the quest for the Orb.
     0 | D:1      | Reached XP level 1. HP: 17/17 MP: 6/6
    99 | D:1      | Reached XP level 2. HP: 17/23 MP: 4/7
   261 | D:1      | Learned a level 2 spell: Wereblood
   702 | D:1      | Reached XP level 3. HP: 28/28 MP: 6/9
   774 | D:1      | Reached skill level 5 in Spellcasting
  1034 | D:1      | Reached skill level 1 in Invocations
  1593 | D:2      | Learned a level 3 spell: Spider Form
  1663 | D:2      | Found Etahim's Assorted Antiques.
  1679 | D:2      | Reached skill level 1 in Short Blades
  1679 | D:2      | Reached skill level 1 in Long Blades
  1679 | D:2      | Reached skill level 1 in Axes
  1679 | D:2      | Reached skill level 1 in Maces & Flails
  1679 | D:2      | Reached skill level 1 in Polearms
  1679 | D:2      | Reached skill level 1 in Staves
  1679 | D:2      | Reached skill level 1 in Slings
  1679 | D:2      | Reached skill level 1 in Bows
  1679 | D:2      | Reached skill level 1 in Crossbows
  1679 | D:2      | Reached skill level 1 in Throwing
  1679 | D:2      | Reached skill level 1 in Armour
  1679 | D:2      | Reached skill level 1 in Stealth
  1679 | D:2      | Reached skill level 1 in Shields
  1679 | D:2      | Reached skill level 1 in Evocations
  1833 | D:2      | Reached XP level 4. HP: 13/34 MP: 8/11
  2567 | D:3      | Found a faded altar of an unknown god.
  2671 | D:3      | Found a glowing drain.
  2720 | Sewer    | Entered a sewer
  2739 | Sewer    | Reached skill level 1 in Conjurations
  2739 | Sewer    | Reached skill level 1 in Hexes
  2739 | Sewer    | Reached skill level 1 in Summonings
  2739 | Sewer    | Reached skill level 1 in Necromancy
  2739 | Sewer    | Reached skill level 1 in Translocations
  2739 | Sewer    | Reached skill level 1 in Fire Magic
  2739 | Sewer    | Reached skill level 1 in Ice Magic
  2739 | Sewer    | Reached skill level 1 in Air Magic
  2739 | Sewer    | Reached skill level 1 in Earth Magic
  2739 | Sewer    | Reached skill level 1 in Poison Magic
  2951 | Sewer    | Noticed Pargi
  2960 | Sewer    | Killed Pargi
  2961 | Sewer    | Reached XP level 5. HP: 16/41 MP: 5/12
  3606 | D:3      | Reached XP level 6. HP: 39/47 MP: 5/13
  4010 | D:4      | Found a runed translucent door.
  4090 | D:4      | Reached skill level 5 in Dodging
  4705 | D:4      | Noticed ijan1's ghost (amateur OpWz)
  4732 | D:5      | Entered Level 5 of the Dungeon
  4773 | D:5      | Found a runed translucent door.
  4775 | D:5      | Noticed skelma's ghost (novice DsGl)
  4799 | D:5      | Reached XP level 7. HP: 21/52 MP: 9/15
  4891 | D:5      | Found Cauddeus's Weapon Emporium.
  4985 | D:5      | Reached skill level 7 in Unarmed Combat
  5033 | D:5      | Found Rufit's Weapon Emporium.
  5250 | D:5      | Found Siakhlij's Distillery.
  5250 | D:5      | Found Redoriga's General Store.
  5637 | D:6      | Reached XP level 8. HP: 59/60 MP: 14/16
  5762 | D:6      | Identified the +4 spear "Laujack" {drain, rElec rF+ Dex+4}
  5830 | D:6      | Noticed a yak
  6218 | D:6      | Noticed Prince Ribbit
  6225 | D:6      | Killed Prince Ribbit
  6525 | D:6      | Reached skill level 5 in Transmutations
  6525 | D:6      | Reached XP level 9. HP: 51/66 MP: 15/18
  6588 | D:6      | Noticed Eustachio
  6607 | D:6      | Killed Eustachio
  6690 | D:6      | Reached skill level 5 in Fighting
  6736 | D:6      | Noticed Sigmund
  6749 | D:6      | Killed Sigmund
  6816 | D:6      | Reached skill level 8 in Unarmed Combat
  6943 | D:6      | Reached skill level 5 in Invocations
  7596 | D:7      | Found a staircase to the Ecumenical Temple.
  7993 | Temple   | Entered the Ecumenical Temple
  8062 | Temple   | Became a worshipper of Ashenzari the Shackled
  8164 | D:7      | Reached XP level 10. HP: 48/74 MP: 16/20
  8467 | D:8      | Noticed a cyclops
  8483 | D:8      | Found a flagged portal.
  8504 | D:8      | Killed a cyclops
  8505 | D:8      | Reached skill level 5 in Short Blades
  8505 | D:8      | Reached skill level 5 in Long Blades
  8505 | D:8      | Reached skill level 5 in Axes
  8505 | D:8      | Reached skill level 5 in Maces & Flails
  8505 | D:8      | Reached skill level 5 in Polearms
  8505 | D:8      | Reached skill level 5 in Staves
  8505 | D:8      | Reached skill level 5 in Slings
  8505 | D:8      | Reached skill level 5 in Bows
  8505 | D:8      | Reached skill level 5 in Crossbows
  8505 | D:8      | Reached skill level 5 in Throwing
  8505 | D:8      | Reached skill level 5 in Armour
  8505 | D:8      | Reached skill level 5 in Stealth
  8505 | D:8      | Reached skill level 5 in Shields
  8505 | D:8      | Reached skill level 5 in Evocations
  8565 | D:8      | Learned a level 4 spell: Ice Form
  8568 | Bailey   | Entered a bailey
  8999 | Bailey   | Found the +11 plutonium sword {Contam Stlth-}
  9002 | Bailey   | Noticed an orc knight
  9002 | Bailey   | Noticed an orc knight
  9032 | Bailey   | Succumbed to their own poison gas

Illustrated notes

Levels and vault maps discovered:
D:1:      beargit_arrival_greenhouse, layout_basic, kennysheep_doodads
D:2:      layout_loops_ring, serial_shops, shop_fountains
D:3:      layout_loops_cross, nicolae_ecumenical_pavilion, portal_sewer_entry_a,
          grunt_ministairs_3
D:4:      layout_gridville, serial_bayou, serial_bayou_pond_e,
          serial_bayou_shore_a, serial_bayou_crossing, serial_bayou_ford_a,
          ebering_ghost_sewer_d
D:5:      layout_gridville, serial_shops, nicolae_shop_crystal,
          nicolae_shop_window_shopping, nicolae_shop_statue_plus,
          nicolae_shop_waterfront, gammafunk_ghost_grave
D:6:      layout_basic, st_stairs_3, minmay_bent, uniq_sigmund,
          uniq_prince_ribbit1, uniq_eustachio
D:7:      layout_loops_cross, minmay_temple_entry_gardened_gates,
          serial_park_tiny_2
D:8:      layout_layer_cave, erik_lair_dragon, enter_bailey_3,
          hellmonk_ghost_happy_afterlife, nicolae_fountain_basement
Temple:   regret_index_temple_sigil_plot
Bailey:   bailey_polearm_2, bailey

Skill      XL: |  1  2  3  4  5  6  7  8  9 10 |
---------------+-------------------------------+-----
Spellcasting   | 5 6 7 |  7.3
Invocations    | 1 2 3 4 5 |  5.7
Short Blades   | 1 2 3 4 5 |  5.2
Long Blades    | 1 2 3 4 5 |  5.2
Axes           | 1 2 3 4 5 |  5.2
Maces & Flails | 1 2 3 4 5 |  5.2
Polearms       | 1 2 3 4 5 |  5.2
Staves         | 1 2 3 4 5 |  5.2
Slings         | 1 2 3 4 5 |  5.2
Bows           | 1 2 3 4 5 |  5.2
Crossbows      | 1 2 3 4 5 |  5.2
Throwing       | 1 2 3 4 5 |  5.2
Armour         | 1 2 3 4 5 |  5.2
Stealth        | 1 2 3 4 5 |  5.2
Shields        | 1 2 3 4 5 |  5.2
Evocations     | 1 2 3 4 5 |  5.2
Conjurations   | 1 2 3 4 |  4.3
Hexes          | 1 2 3 4 |  4.3
Summonings     | 1 2 3 4 |  4.3
Necromancy     | 1 2 3 4 |  4.3
Translocations | 1 2 3 4 |  4.3
Fire Magic     | 1 2 3 4 |  4.3
Ice Magic      | 1 2 3 4 |  4.3
Air Magic      | 1 2 3 4 |  4.3
Earth Magic    | 1 2 3 4 |  4.3
Poison Magic   | 1 2 3 4 |  4.3
Fighting       | 3 4 5 |  5.9
Transmutations | 4 5 |  5.8
Dodging        | 5 6 7 |  7.0
Unarmed Combat | 7 8 |  8.5

Action                   |  1- 3 |  4- 6 |  7- 9 | 10-12 || total
-------------------------+-------+-------+-------+-------++-------
Melee: Unarmed           |   107 |   127 |   275 |    76 ||   585
       Kick              |    18 |    24 |    12 |       ||    54
       Bite              |     6 |     9 |     6 |       ||    21
       Headbutt          |    15 |     8 |     9 |       ||    32
       Punch             |     2 |     3 |     4 |       ||     9
 Cast: Beastly Appendage |    35 |    33 |    11 |       ||    79
       Wereblood         |     2 |     1 |     8 |     1 ||    12
       Spider Form       |       |     5 |    25 |     2 ||    32
       Ice Form          |       |       |       |     5 ||     5
  Use: Potion            |       |       |     1 |       ||     1
       Scroll            |       |       |       |     9 ||     9
 Stab: Sleeping          |       |     5 |     2 |       ||     7
Armor: Robe              |    16 |    12 |       |       ||    28
       Troll leather arm |       |    11 |    21 |     3 ||    35
       Skin              |       |     2 |    12 |     3 ||    17
Dodge: Dodged            |    76 |   122 |   251 |    83 ||   532

Table legend: (Time is in decaauts)
 A = Elapsed time spent in this place.
 B = Non-inter-level travel time spent in this place.
 C = Inter-level travel time spent in this place.
 D = Time resting spent in this place.
 E = Time spent auto-exploring this place.
 F = Levels seen in this place.
 G = Mean time per level.
                   A        B        C        D        E       F      G
               +--------+--------+--------+--------+--------+-----+--------+
         Total |   8992 |   8686 |    306 |    519 |   6489 |  11 |  817.5 |
       Dungeon |   7968 |   7683 |    285 |    519 |   5709 |   8 |  996.0 |
        Temple |     90 |     69 |     21 |      0 |     50 |   1 |   90.0 |
         Sewer |    477 |    477 |      0 |      0 |    391 |   1 |  477.0 |
        Bailey |    455 |    455 |      0 |      0 |    339 |   1 |  455.0 |
               +--------+--------+--------+--------+--------+-----+--------+

Top non-repeatable levels by time:
     D:6: 1547 daAuts
     D:1: 1541 daAuts
     D:5: 1036 daAuts
     D:2: 1011 daAuts
     D:7: 958 daAuts
     D:4: 872 daAuts
     D:3: 838 daAuts
   Sewer: 477 daAuts
  Bailey: 455 daAuts
     D:8: 162 daAuts
  Temple: 90 daAuts
